Map: Deathaura LE

Players

Bunny

  • Race: Terran Terran
  • Spawn Location: 11:00

Reynor - Winner!

  • Race: Zerg Zerg
  • Spawn Location: 5:00

VOD

Have the link to the VOD?

Description

Time

  • Played on: Jan. 14, 2021, 8:43 a.m.
  • Length: 18:18
Show
View Real Time Build Order
Export as new Build Order

Bunny Terran 

Build Orders: Liberator Opening, Reaper Expand 

Get SALT Encoding   

  12  0:00  SCV  
  13  0:13  SCV  
  14  0:17  Supply Depot  
  14  0:25  SCV  
  15  0:39  SCV  
  15  0:40  Barracks  
  16  0:43  Refinery  
  16  0:51  SCV  
  17  1:03  SCV  
  18  1:15  SCV  
  19  1:27  Orbital Command  
  19  1:28  Reaper  
  20  1:38  Command Center  
  20  1:50  Supply Depot  
  20  1:53  SCV  
  21  2:00  Marine  
  22  2:05  SCV  
  22  2:07  Factory  
  23  2:17  SCV  
  23  2:21  Barracks Reactor  
  24  2:29  SCV  
  25  2:42  Command Center  
  26  2:44  SCV  
  26  2:50  Orbital Command  
  26  2:56  SCV  
  26  2:58  Starport  
  27  3:08  Refinery  
  27  3:09  SCV  
  28  3:15  Hellion x2  
  28  3:16  Marine  
  28  3:19  SCV  
  34  3:21  SCV  
  35  3:31  SCV  
  35  3:33  SCV  
  37  3:37  Hellion x2  
  41  3:44  SCV  
  41  3:45  SCV  
  44  3:48  Liberator  
  44  3:53  Supply Depot  
  44  3:55  Orbital Command  
  47  3:58  Hellion  
  47  4:00  Hellion  
  51  4:03  SCV x2  
  51  4:08  Barracks Tech Lab  
  52  4:15  SCV x2  
  52  4:16  Supply Depot  
  54  4:19  Hellion  
  54  4:22  Hellion  
  54  4:24  SCV  
  59  4:27  SCV x2  
  59  4:29  Stimpack  
  61  4:32  Orbital Command  
  61  4:36  Marine  
  62  4:38  Supply Depot  
  62  4:39  SCV x2  
  64  4:46  Starport Reactor  
  64  4:49  Barracks  
  64  4:50  Barracks  
  64  4:52  Factory Tech Lab, Refinery  
  64  4:53  Engineering Bay, Refinery  
  64  4:54  Engineering Bay  
  64  4:55  SCV x2  
  66  5:00  Marine  
  66  5:03  Supply Depot  
  66  5:05  SCV  
  68  5:07  SCV x2  
  72  5:14  Siege Tank  
  72  5:18  SCV  
  72  5:19  SCV x2  
  75  5:25  Marine  
  75  5:26  Terran Infantry Armor Level 1, Terran Infantry Weapons Level 1  
  76  5:35  SCV  
  76  5:36  SCV x2  
  77  5:43  Marine x2  
  77  5:44  Starport Reactor  
  77  5:45  Command Center  
  77  5:47  Barracks, Marine  
  77  5:49  Barracks  
  77  5:51  SCV x3  
  80  5:59  Siege Tank  
  71  6:04  Marine x2  
  71  6:05  Marine x2  
  71  6:07  SCV x3  
  71  6:10  Supply Depot  
  76  6:13  Combat Shield, Supply Depot, Marine  
  77  6:19  SCV x3  
  77  6:21  Medivac  
  77  6:22  Medivac  
  77  6:23  Refinery  
  84  6:25  Armory  
  84  6:27  Marine x4  
  84  6:31  Marine  
  84  6:32  Siege Tank  
  92  6:38  Supply Depot  
  92  6:39  SCV x2  
  94  6:40  Supply Depot, SCV  
  94  6:43  Barracks Reactor x2  
  94  6:45  Marine  
  94  6:46  Marine x3  
  99  6:49  Marine  
  99  6:52  Refinery  
  100  6:54  Medivac x2  
  104  7:03  Marine x4  
  104  7:04  SCV x3  
  104  7:07  Marine  
  112  7:10  Supply Depot  
  112  7:12  Supply Depot x2  
  112  7:14  Terran Vehicle Weapons Level 1  
  112  7:19  Marine x4  
  112  7:21  Marine x4  
  123  7:23  Terran Infantry Weapons Level 2  
  123  7:29  SCV x2  
  125  7:30  SCV  
  125  7:35  Missile Turret  
  125  7:36  Missile Turret  
  121  7:43  Thor  
  126  7:47  SCV x3  
  126  7:49  Planetary Fortress  
  126  7:51  Marine x8  
  127  7:56  Factory  
  134  7:59  SCV x3  
  137  8:06  Concussive Shells  
  137  8:07  Terran Infantry Armor Level 2  
  137  8:12  Barracks  
  137  8:13  Supply Depot  
  137  8:14  Barracks x2  
  137  8:15  SCV  
  137  8:16  SCV x2  
  140  8:22  Marauder  
  140  8:26  Missile Turret, Marine x8  
  150  8:30  SCV  
  150  8:31  SCV x2  
  153  8:34  Supply Depot x2  
  153  8:35  SCV  
  153  8:40  Factory Reactor  
  153  8:41  Thor  
  160  8:53  Marauder  
  162  8:58  Supply Depot  
  162  8:59  Supply Depot  
  162  9:00  Supply Depot  
  162  9:04  Barracks Tech Lab x3, Marine x6  
  162  9:05  Marine x2  
  162  9:08  Command Center, Refinery  
  170  9:10  Missile Turret  
  170  9:12  Missile Turret  
  170  9:14  Marine  
  171  9:19  Medivac x2  
  171  9:20  Widow Mine x2  
  171  9:22  Marine x6  
  184  9:26  Missile Turret  
  184  9:27  Sensor Tower  
  184  9:29  Missile Turret  
  184  9:30  Missile Turret  
  183  9:32  Marauder  
  183  9:33  Missile Turret  
  183  9:34  Thor  
  183  9:36  Missile Turret  
  190  9:45  Barracks Tech Lab x2  
  192  9:46  Marauder  
  192  9:47  Marine x5  
  192  9:50  Widow Mine  
  199  9:58  Terran Infantry Weapons Level 3  
  188  10:07  Marauder  
  188  10:09  Marauder x3, Widow Mine, Marine x2  
  188  10:10  Marine x6  
  188  10:12  Widow Mine  
  200  10:20  Sensor Tower  
  200  10:28  Missile Turret  
  200  10:40  Terran Infantry Armor Level 3  
  200  10:41  Missile Turret  
  200  11:02  Marauder x2  
  186  11:06  Thor  
  186  11:07  Widow Mine x2, Marine  
  186  11:08  Missile Turret, Marine x4  
  200  11:17  Marine x5  
  197  11:23  Marine x2  
  179  11:28  Widow Mine, Marine x4  
  179  11:29  Widow Mine  
  179  11:35  Marauder x2  
  179  11:36  Medivac x2  
  163  11:41  Marauder  
  163  11:43  Marauder, Marine x4  
  163  11:46  Marine x4  
  175  11:49  Thor  
  181  11:56  Missile Turret x2  
  181  11:57  Marauder x2  
  181  11:58  Missile Turret  
  181  12:00  Widow Mine x2  
  181  12:01  Marine x4  
  190  12:03  Marauder, Marine x2  
  190  12:04  Marine x2  
  199  12:14  Planetary Fortress, Command Center  
  199  12:20  Marine  
  189  12:32  Marauder, Marine  
  189  12:33  Marine x7  
  189  12:34  Marine  
  200  12:40  Marauder, Marine  
  193  12:50  Thor, Marine  
  193  12:51  Widow Mine x2, Marine x3  
  200  12:52  Marauder, Marine  
  200  12:53  Marauder, Marine x3  
  200  12:58  Marine  
  191  13:00  Command Center  
  191  13:01  Marauder  
  186  13:08  Marine  
  186  13:11  Marauder  
  189  13:13  SCV x4  
  189  13:14  Marauder  
  195  13:25  SCV x2  
  171  13:39  Marauder x4, Marine x7  
  171  13:50  Marine  
  172  13:57  Marine x7  
  172  13:58  Thor  
  172  14:00  Marauder x3  
  172  14:01  Marauder  
  172  14:03  Medivac  
  172  14:04  Medivac  
  172  14:08  Marine  
  177  14:14  Marine  
  177  14:15  Marine x6  
  182  14:22  Marauder x4  
  184  14:26  Marine  
  165  14:32  SCV x2  
  165  14:33  Medivac, SCV x2  
  165  14:34  Medivac  
  173  14:43  Marauder  
  173  14:44  SCV  
  173  14:45  SCV  
  154  14:57  Marine x3  
  154  14:58  Marine  
  153  15:03  Liberator x2  
  145  15:11  Marine  
  145  15:12  Marauder x3, Marine x4  
  139  15:15  Marine x3  
  139  15:18  Widow Mine x3  
  139  15:19  Marine  
  127  15:29  Marine x2  
  127  15:30  Marine  
  125  15:36  Marauder x4, Marine x3  
  125  15:39  Widow Mine  
  125  15:40  Widow Mine x2  
  125  15:42  Marine x2  
  139  15:47  Marine  
  139  15:49  Liberator  
  144  15:52  Liberator  
  147  16:01  Widow Mine x3  
  153  16:12  Marauder x3  
  157  16:22  Marauder  
  157  16:25  Orbital Command  
  133  16:33  Marauder x2  
  133  16:34  Marine x3  
  137  16:43  Marine x2  
  133  16:58  Widow Mine  
  124  17:04  Marine  
  124  17:05  Marauder  
  124  17:11  Marine x2  
  124  17:15  Widow Mine  
  121  17:28  Marauder  
  121  17:46  Marine  
  121  17:47  Marine  
  121  17:48  Marine  
Show
View Real Time Build Order
Export as new Build Order

Reynor Zerg - Winner!

Build Orders: Hatch First, Muta Ling Bane 

Get SALT Encoding   

  12  0:00  Drone  
  13  0:12  Overlord  
  13  0:16  Drone  
  14  0:30  Drone x2  
  16  0:47  Hatchery  
  15  0:51  Drone  
  15  0:55  Drone  
  17  0:58  Drone  
  18  1:10  Extractor  
  17  1:15  Spawning Pool  
  16  1:18  Drone  
  16  1:21  Drone  
  18  1:28  Drone  
  19  1:38  Drone  
  20  1:48  Overlord  
  20  2:02  Zergling x4, Queen x2  
  26  2:10  Drone  
  26  2:11  Drone  
  28  2:21  Drone x2  
  30  2:27  Extractor  
  29  2:33  Drone  
  29  2:34  Hatchery  
  29  2:35  Drone  
  31  2:40  Metabolic Boost  
  31  2:47  Queen  
  33  2:51  Overlord  
  33  2:54  Drone  
  33  2:56  Drone  
  35  2:59  Drone  
  36  3:11  Drone x3  
  36  3:12  Overlord  
  39  3:13  Drone  
  39  3:18  Zergling x2  
  41  3:20  Drone  
  41  3:25  Drone  
  43  3:30  Drone  
  43  3:34  Queen  
  44  3:35  Overlord  
  46  3:42  Drone x2  
  46  3:43  Drone x2  
  46  3:47  Zergling x4  
  46  3:48  Queen, Baneling Nest  
  53  3:54  Overlord  
  53  3:57  Drone x2  
  53  3:59  Drone x3  
  58  4:04  Overlord  
  58  4:12  Overlord  
  58  4:13  Drone x4  
  64  4:18  Queen  
  64  4:19  Drone  
  64  4:20  Drone  
  66  4:25  Drone  
  66  4:27  Lair  
  66  4:29  Zergling x4  
  66  4:30  Extractor  
  66  4:31  Drone x2  
  70  4:32  Drone  
  70  4:33  Drone  
  72  4:40  Spore Crawler, Drone  
  72  4:43  Spore Crawler, Drone  
  72  4:44  Drone  
  73  4:46  Overlord, Drone x2  
  73  4:49  Drone x3  
  78  4:54  Zergling x2  
  78  4:55  Drone x2  
  81  5:03  Zergling x2  
  82  5:08  Zergling x6  
  82  5:13  Overlord, Spore Crawler  
  83  5:17  Drone x2  
  83  5:21  Drone x3  
  88  5:23  Hatchery  
  88  5:26  Drone x2  
  90  5:30  Overlord  
  90  5:31  Extractor  
  90  5:32  Drone x3  
  90  5:33  Drone x2  
  90  5:34  Drone  
  95  5:36  Spire, Drone  
  95  5:37  Extractor  
  95  5:39  Overlord, Extractor  
  95  5:40  Extractor  
  91  5:45  Drone  
  91  5:48  Drone  
  92  5:58  Drone x3  
  92  5:59  Drone x3  
  92  6:00  Drone x2  
  92  6:03  Drone  
  96  6:09  Zergling x8, Evolution Chamber x2  
  97  6:12  Drone x2  
  99  6:18  Overlord  
  99  6:22  Zergling x2  
  99  6:24  Zergling x2  
  101  6:29  Zergling x2, Hatchery  
  101  6:32  Overlord  
  101  6:34  Zergling x6  
  104  6:43  Baneling x5  
  104  6:47  Mutalisk x7  
  104  6:49  Zergling x6  
  104  6:51  Zergling x2  
  122  6:54  Centrifical Hooks  
  122  6:56  Zergling x4, Queen  
  122  6:58  Overlord, Extractor  
  125  7:02  Drone x2  
  125  7:03  Drone x2  
  125  7:04  Extractor  
  125  7:05  Zerg Ground Armor Level 1  
  125  7:07  Drone x2  
  130  7:08  Drone  
  130  7:13  Zerg Melee Weapons Level 1  
  130  7:14  Baneling x2  
  130  7:15  Drone  
  132  7:17  Baneling x2  
  132  7:19  Zergling x10  
  132  7:20  Baneling x2  
  136  7:25  Overlord x3  
  136  7:26  Zergling x2  
  137  7:30  Baneling x3  
  137  7:31  Baneling x2  
  137  7:38  Overlord x3  
  137  7:40  Overlord  
  137  7:41  Drone x2  
  137  7:42  Drone x2  
  141  7:48  Drone x4  
  141  7:50  Zerg Flyer Weapons Level 1  
  145  7:51  Mutalisk x4  
  145  7:55  Overlord  
  145  7:56  Drone  
  145  7:57  Drone  
  155  8:01  Mutalisk x2  
  155  8:03  Zergling x8  
  155  8:05  Drone x2  
  165  8:06  Drone  
  165  8:09  Mutalisk  
  165  8:10  Spore Crawler, Pneumatized Carapace  
  165  8:11  Overseer  
  167  8:15  Zergling x6  
  170  8:20  Zergling x4, Baneling x8  
  170  8:21  Zergling x4  
  170  8:24  Queen  
  170  8:25  Drone x2  
  170  8:26  Drone  
  179  8:27  Mutalisk  
  179  8:28  Drone x2  
  179  8:29  Drone  
  179  8:33  Mutalisk  
  184  8:36  Hatchery  
  184  8:37  Mutalisk  
  184  8:38  Mutalisk  
  184  8:40  Drone x4  
  193  8:43  Overlord, Mutalisk, Extractor x2  
  193  8:47  Zergling x4  
  193  8:48  Zergling x4  
  197  8:52  Spore Crawler x2  
  197  8:53  Spore Crawler, Mutalisk x2  
  197  8:55  Overseer  
  194  8:57  Drone x4  
  194  8:59  Overlord  
  198  9:06  Zerg Ground Armor Level 2  
  198  9:20  Zerg Melee Weapons Level 2  
  198  9:23  Infestation Pit, Mutalisk  
  199  9:35  Drone  
  199  9:37  Overlord  
  198  9:46  Baneling x17  
  198  9:51  Mutalisk  
  198  9:52  Zerg Flyer Weapons Level 2  
  200  9:55  Baneling x7  
  186  10:10  Zergling x40  
  186  10:12  Hive  
  199  10:21  Mutalisk  
  197  10:24  Baneling x10  
  199  10:33  Overseer x2  
  199  10:35  Overseer x2  
  199  10:39  Extractor  
  199  10:40  Extractor  
  199  10:42  Baneling x20  
  197  10:43  Drone x2  
  197  10:48  Hatchery, Baneling x9  
  185  11:08  Zergling x20  
  185  11:09  Zergling x8  
  192  11:22  Mutalisk x8  
  191  11:26  Zergling x2  
  191  11:27  Zergling x16  
  199  11:34  Ultralisk Cavern  
  179  11:40  Zergling x2  
  179  11:41  Zergling x38  
  196  11:49  Zergling x4  
  196  11:50  Zergling x8  
  196  11:54  Zerg Ground Armor Level 3, Zerg Melee Weapons Level 3, Adrenal Glands  
  200  12:11  Extractor  
  199  12:16  Baneling x6  
  199  12:17  Baneling x13  
  199  12:22  Hatchery  
  190  12:32  Baneling x19  
  190  12:34  Zergling x20  
  190  12:45  Zergling x22  
  183  13:01  Zergling x14, Ultralisk x3  
  199  13:09  Hatchery  
  199  13:12  Chitinous Plating  
  198  13:15  Baneling  
  198  13:16  Baneling x4  
  198  13:20  Baneling x7  
  198  13:28  Hatchery  
  154  13:35  Zergling x44, Ultralisk x4  
  190  13:41  Mutalisk  
  190  13:44  Zergling x6  
  195  13:51  Mutalisk x2  
  195  13:54  Zergling x4  
  195  13:55  Zergling x2  
  199  14:01  Mutalisk x5  
  191  14:03  Zergling x4  
  191  14:04  Baneling x4  
  191  14:08  Hatchery  
  192  14:10  Zergling x10  
  192  14:16  Zergling x2  
  192  14:17  Zergling x4  
  198  14:25  Zergling x12  
  198  14:26  Zergling x4  
  198  14:29  Zergling x2, Ultralisk x2  
  187  14:32  Zergling x4  
  187  14:35  Zergling x6, Queen  
  187  14:37  Baneling  
  187  14:38  Baneling x12  
  194  14:39  Zergling x6  
  194  14:43  Overseer  
  194  14:45  Zergling x20  
  178  14:54  Baneling x10  
  178  14:55  Zergling x24  
  186  15:03  Zergling x4, Ultralisk x2  
  194  15:11  Zergling x20  
  187  15:20  Drone x6  
  175  15:26  Zergling x8, Ultralisk x3  
  175  15:27  Zergling x2  
  194  15:31  Drone  
  194  15:35  Drone x2  
  197  15:37  Drone x2  
  197  15:38  Drone  
  197  15:42  Drone x2  
  198  15:43  Drone  
  198  15:50  Zergling x2  
  198  15:54  Baneling x18  
  197  16:12  Drone  
  197  16:13  Drone  
  189  16:25  Zergling x2  
  189  16:26  Zergling x22  
  182  16:34  Zergling x30  
  182  16:36  Overseer  
  195  16:41  Zergling x2  
  195  16:42  Zergling x2  
  188  16:55  Zergling x22  
  188  16:59  Mutalisk x2  
  188  17:00  Mutalisk  
  191  17:11  Mutalisk x4  
  191  17:14  Baneling x13  
  191  17:15  Baneling  
  187  17:24  Mutalisk x5  
  187  17:27  Zergling x6  
  193  17:44  Zergling x12  
  199  17:57  Zergling x2  
  199  17:58  Zergling x6  
Tags
 
Add a new tag
Caveats
  • Supply blocks, unpowered buildings, or Contaminate may cause inaccurate times.
  • Supply counts are checked every 10 seconds.